 Dungeon Crawl Stone Soup version 0.21-a0-521-g1cd18d1 (webtiles) character file.

370 Gerstahl the Insei (level 6, 0/49 HPs)
             Began as a Demonspawn Transmuter on Dec 5, 2017.
             Succumbed to a worker ant's poison
             ... while paralysed
             ... on level 4 of the Dungeon.
             The game lasted 00:08:57 (4785 turns).

Gerstahl the Insei (Demonspawn Transmuter)          Turns: 4785, Time: 00:08:58

Health: 0/49       AC:  6    Str: 11    XL:     6   Next: 42%
Magic:  0/9        EV:  2    Int: 16    God:
Gold:   165        SH:  0    Dex: 13    Spells: 5/9 levels left

rFire    + . .     SeeInvis .     - Unarmed
rCold    . . .     Gourm    .   (no shield)
rNeg     . . .     Faith    .   l - +2 animal skin
rPois    .         Spirit   +   (no helmet)
rElec    .         Reflect  .   (no cloak)
rCorr    .         Harm     .   (no gloves)
MR       .....                  (no boots)
Stlth    +.........             (no amulet)
HPRegen  0.16/turn              (no ring)
MPRegen  0.11/turn              (no ring)

@: paralysed, lethally poisoned (0 -> -8), berserk cooldown, slowed
A: talons 1, molten scales 1, fire resistance 1, magic shield
a: no special abilities


You were on level 4 of the Dungeon.
You were not hungry.

You visited 1 branch of the dungeon, and saw 5 of its levels.

You collected 165 gold pieces.

Inventory:

Missiles
 a - 62 arrows
Armour
 l - a +2 animal skin (worn)
Jewellery
 u - an uncursed ring of fire {unknown}
 v - an uncursed ring of protection from magic {unknown}
Wands
 y - a wand of disintegration (5)
Scrolls
 f - 7 scrolls of remove curse {unknown}
 g - 2 scrolls of immolation {unknown}
 h - 5 scrolls of identify {unknown}
 j - 3 scrolls of amnesia {unknown}
 k - 3 scrolls of teleportation {unknown}
 m - a scroll of fog {unknown}
 n - 3 scrolls of fear {unknown}
 o - 2 scrolls of enchant armour {unknown}
 p - 2 scrolls of blinking {unknown}
 B - a scroll of random uselessness {unknown}
Potions
 b - 2 potions of cancellation {unknown}
 e - a potion of brilliance {unknown}
 i - 2 potions of lignification {unknown}
 q - a potion of agility
 r - 2 potions of heal wounds {unknown}
 t - a potion of flight {unknown}
 w - a potion of mutation {unknown}
 x - 2 potions of degeneration {unknown}
 z - a potion of might {unknown}
Books
 c - a book of Changes

   Spells                             Type                      Level
   a - Beastly Appendage              Transmutation                1
   b - Sticks to Snakes               Transmutation                2
   c - Spider Form                    Transmutation/Poison         3
   d - Ice Form                       Ice/Transmutation            4
   e - Blade Hands                    Transmutation                5
Comestibles
 d - 3 bread rations
 C - 2 chunks of flesh


   Skills:
 + Level 4.7 Fighting
 - Level 1.7 Dodging
 + Level 5.0 Unarmed Combat
 - Level 2.0 Spellcasting
 - Level 1.7 Transmutations


You had 5 spell levels left.
You knew the following spells:

 Your Spells              Type           Power        Failure   Level  Hunger
a - Beastly Appendage     Tmut           #.....       10%         1    #......
b - Spider Form           Tmut/Pois      #.........   41%         3    ###....


Dungeon Overview and Level Annotations

Branches:
Dungeon (5/15)
 Temple: D:4-7

Altars:
Nemelex Xobeh
Trog
Xom

Shops:
D:4 *

Annotations:
D:5 Sigmund; anet's ghost, novice DEWz


Innate Abilities, Weirdness & Mutations

You have sharp toenails.
You are partially covered in molten scales. (AC +2)
Your flesh is heat resistant. (rF+)
When hurt, damage is shared between your health and your magic reserves.


Message History

The black bear is almost dead.
* * * LOW HITPOINT WARNING * * *
You feel sick.
The black bear bites you but does no damage.
The black bear claws you but does no damage.
The black bear barely misses you.
You closely miss the black bear. You claw the black bear.
You kill the black bear!
Your Unarmed Combat skill increases to level 5!
There is a lethal amount of poison in your body!
* * * LOW HITPOINT WARNING * * *
You feel sick.
You feel a strong urge to attack something.
* * * LOW HITPOINT WARNING * * *
You feel sick.
Your magical contamination has completely faded away.
You feel your anger nearly subside.
You are no longer berserk.
You pass out from exhaustion.
You feel yourself slow down.
You die...

#..........................
#########....##.................
#......##....##.#######.#.#####.
#.####.##....##.# #.#.#####. #.#
#.#........#######.#....##. ##.#
#[#h#......................
...####.#.#.##.#########.####.###
.##.....#.#†##.##................
...........†....@...........#....
....##....#.###.#.######.####....
....#.....#.# #..................
....#.....#.# ##.#######.#####...
....#.....#.# #.## #...........
##..#.....#.####..####.#.######..
....#.....#.#<...................
##.##.#.....#####..####.....###(.
##.##.#.##########.#.............


There were no monsters in sight!

Vanquished Creatures
  A black bear (D:4)
  Ijyb (D:4)
  Natasha (D:2)
  An iguana (D:4)
  A worker ant (D:4)
  Robin (D:2)
  8 adders
  A gnoll (D:3)
  An ooze (D:2)
  2 worms (D:3)
  A dart slug (D:3)
  3 leopard geckos
  An orc (D:3)
  4 giant cockroaches
  18 goblins
  7 hobgoblins
  A quokka (D:3)
  8 bats
  2 frilled lizards
  A jackal zombie (D:5)
  6 kobolds
  9 rats
79 creatures vanquished.

Notes
Turn   | Place    | Note
-------+----------+-------------------------------------------
     0 | D:1      | Gerstahl the Demonspawn Transmuter began the quest for the Orb.
     0 | D:1      | Reached XP level 1. HP: 15/15 MP: 3/3
   347 | D:1      | Reached skill level 3 in Unarmed Combat
   350 | D:1      | Gained mutation: You are partially covered in molten scales. (AC +2) [demonic ancestry]
   350 | D:1      | Reached XP level 2. HP: 18/21 MP: 3/5
   985 | D:2      | Noticed an ice beast
  1016 | D:2      | Reached XP level 3. HP: 24/27 MP: 6/6
  1411 | D:2      | Noticed Natasha
  1419 | D:2      | Killed Natasha
  1419 | D:2      | Gained mutation: When hurt, damage is shared between your health and your magic reserves. [demonic ancestry]
  1419 | D:2      | Reached XP level 4. HP: 34/34 MP: 5/7
  1697 | D:2      | Learned a level 3 spell: Spider Form
  1703 | D:2      | Noticed Robin
  1759 | D:2      | Killed Robin
  2091 | D:3      | Reached skill level 4 in Unarmed Combat
  2118 | D:3      | Found a faded altar of an unknown god.
  2511 | D:3      | Gained mutation: Your flesh is heat resistant. (rF+) [demonic ancestry]
  2511 | D:3      | Reached XP level 5. HP: 15/41 MP: 1/8
  2618 | D:3      | Found a shimmering altar of Xom.
  4057 | D:4      | Noticed Ijyb
  4077 | D:4      | Killed Ijyb
  4294 | D:4      | Found Taerieb's Assorted Antiques.
  4661 | D:5      | Entered Level 5 of the Dungeon
  4666 | D:5      | Found a sparkling altar of Nemelex Xobeh.
  4666 | D:5      | Found a bloodstained altar of Trog.
  4692 | D:5      | Noticed Sigmund
  4724 | D:5      | Noticed anet's ghost (novice DEWz)
  4744 | D:5      | Noticed an ogre
  4746 | D:5      | Noticed a black bear
  4777 | D:4      | Gained mutation: You have sharp toenails. [demonic ancestry]
  4777 | D:4      | Reached XP level 6. HP: 6/48 MP: 1/9
  4779 | D:4      | HP: 3/72 [poisoned by a worker ant]
  4781 | D:4      | Reached skill level 5 in Unarmed Combat
  4782 | D:4      | HP: 1/73 [poisoned by a worker ant]
  4785 | D:4      | Succumbed to a worker ant's poison

Vault maps used:
D:1:      lemuel_arrival_hallway
D:2:      first_bread, kennysheep_nondescript, uniq_natasha, uniq_robin
D:3:      tgw_xom, chequers_ecumenical_altar_simple_redux, roderic_malta_cross
D:4:      nicolae_overflow_hidden_temple, serial_shops, nicolae_shop_crystal,
          uniq_ijyb
D:5:      gammafunk_temple_overflow_pools, temple_doors_e, uniq_sigmund

Skill      XL: |  1  2  3  4  5  6 |
---------------+-------------------+-----
Unarmed Combat | 3 4 5 |  5.0
Fighting       | 2 3 4 |  4.7
Dodging        | |  1.7
Spellcasting   | |  2.0
Transmutations | |  1.7

Action                   |  1- 3 |  4- 6 || total
-------------------------+-------+-------++-------
Melee: Unarmed           |    99 |   226 ||   325
       Kick              |     3 |    17 ||    20
       Headbutt          |     5 |     7 ||    12
       Punch             |     2 |     4 ||     6
 Cast: Beastly Appendage |     8 |    21 ||    29
  Use: Potion            |     2 |     3 ||     5
 Stab: Sleeping          |     1 |     3 ||     4
  Eat: Chunk             |     1 |     6 ||     7
       Royal jelly       |       |     1 ||     1
       Bread ration      |       |     1 ||     1
Armor: Robe              |    30 |     9 ||    39
       Animal skin       |       |    60 ||    60
Dodge: Dodged            |    90 |   137 ||   227

Table legend:
 A = Spawn XP
 B = Non-spawn XP
 C = Spawn XP percentage of total XP
 D = Spawn monster count
 E = Non-spawn monster count
 F = Spawn count percentage of total count
 G = Total turns spent on level
                    A         B        C        D         E        F      G
               +---------+---------+-------+---------+---------+-------+---------
         Total |       0 |     529 |   0.0 |       0 |      79 |   0.0 |  4785
               +---------+---------+-------+---------+---------+-------+---------
           D:1 |       0 |      22 |   0.0 |       0 |      14 |   0.0 |  1301
           D:2 |       0 |     131 |   0.0 |       0 |      26 |   0.0 |   749
           D:3 |       0 |     110 |   0.0 |       0 |      31 |   0.0 |  1457
           D:4 |       0 |     263 |   0.0 |       0 |       6 |   0.0 |  1189
           D:5 |       0 |       3 |   0.0 |       0 |       2 |   0.0 |    89
               +---------+---------+-------+---------+---------+-------+---------
